[Event "FTX Road to Miami Prelims 2022"]
[Site "Online"]
[Date "2022.07.04"]
[Round "14.1"]
[White "Niemann, Hans Moke"]
[Black "Wojtaszek, Radoslaw"]
[Result "0-1"]
[ECO "B90"]
[WhiteElo "2688"]
[BlackElo "2708"]
[Annotator "ChessBase"]
[PlyCount "161"]
[EventDate "2022.07.10"]
[EventType "tourn"]
[EventCountry "NET"]
[SourceTitle "playchess.com"]
[Source "ChessBase"]
[SourceQuality "1"]
[TimeControl "40/5400+30:1800+30"]

1. e4 c5 2. Nf3 d6 3. d4 cxd4 4. Nxd4 Nf6 5. Nc3 a6 6. Bd3 e5 7. Nde2 Be7 8. O-O Be6 9. Ng3 Nc6 10. a4 Nb4 11. Re1 O-O 12. Bg5 Rc8 13. Qd2 h6 14. Be3 Ng4 15. Be2 Nxe3 16. fxe3 d5 17. exd5 Nxd5 18. Nxd5 Qxd5 19. Qxd5 Bxd5 20. Bd3 g6 21. e4 Be6 22. Kf1 Rfd8 23. Ke2 Bg4+ 24. Kf1 Bb4 25. Reb1 Rd6 26. h3 Rf6+ 27. Kg1 Bd7 28. Rf1 Bc5+ 29. Kh2 Rxf1 30. Nxf1 Be6 31. Nd2 Bd4 32. Rb1 Kf8 33. Nf3 Bc5 34. b4 Bd6 35. a5 Ke7 36. b5 axb5 37. Rxb5 Rc7 38. Kg1 Bd7 39. Rb1 Bc8 40. Nd2 Be6 41. Kf1 Kd8 42. Rb5 Kc8 43. Nf3 f6 44. Nh4 Bf7 45. Rb1 Rc5 46. Ra1 Kd8 47. Ke2 Bc7 48. a6 bxa6 49. Rxa6 Ke7 50. Ra8 h5 51. Kd2 Be8 52. Ra7 Kd6 53. Ra6+ Ke7 54. Ra7 Kd6 55. Ra6+ Ke7 56. c4 Ra5 57. Rxa5 Bxa5+ 58. Kc2 Kd6 59. Be2 Kc5 60. Kd3 Bf7 61. Ke3 Be1 62. Nf3 Bg3 63. Bd3 Kb4 64. Ke2 Be6 65. Nd2 Bf4 66. Nf3 g5 67. Ne1 Bxc4 68. Nc2+ Kc3 69. Bxc4 Kxc4 70. Na3+ Kb4 71. Nc2+ Kc3 72. Ne1 Bg3 73. Nf3 g4 74. hxg4 hxg4 75. Nd2 Bf4 76. Nf1 g3 77. Ne3 Bxe3 78. Kxe3 Kc4 79. Ke2 Kd4 80. Kf3 Kd3 81. Kxg3 0-1

[Event "FTX Road to Miami Prelims 2022"]
[Site "Online"]
[Date "2022.07.04"]
[Round "14.2"]
[White "Shankland, Sam"]
[Black "Rapport, Richard"]
[Result "0-1"]
[ECO "B61"]
[WhiteElo "2720"]
[BlackElo "2764"]
[Annotator "ChessBase"]
[PlyCount "102"]
[EventDate "2022.07.10"]
[EventType "tourn"]
[EventCountry "NET"]
[SourceTitle "playchess.com"]
[Source "ChessBase"]
[SourceQuality "1"]
[TimeControl "40/5400+30:1800+30"]

1. e4 c5 2. Nf3 d6 3. d4 cxd4 4. Nxd4 Nf6 5. Nc3 Nc6 6. Bg5 Bd7 7. Qd2 Rc8 8. f4 Nxd4 9. Qxd4 Qb6 10. Qxb6 axb6 11. Bd3 e6 12. Bh4 Bc6 13. O-O-O Be7 14. Bf2 d5 15. e5 Nd7 16. Ne2 b5 17. Nd4 b4 18. f5 Nxe5 19. fxe6 Nxd3+ 20. Rxd3 O-O 21. Bg3 fxe6 22. Nxe6 Rf7 23. Nd4 Bd7 24. Re1 h5 25. h4 Bg4 26. Rd2 g5 27. Rxe7 Rxe7 28. hxg5 Rf8 29. b3 Rd7 30. Kb2 Kh7 31. Nb5 Rf5 32. Rd4 Be2 33. Nd6 Rxg5 34. Ne4 Rg6 35. Bh4 Kg7 36. Nc5 Rc7 37. Rxd5 Rgc6 38. Rd2 Rxc5 39. Rxe2 Rb5 40. Re4 Kg6 41. Be1 Kf5 42. Rh4 Kg5 43. Re4 Rg7 44. Bxb4 Kf5 45. Rh4 Ke6 46. a4 Rf5 47. Re4+ Kd7 48. Re2 Rfg5 49. Rd2+ Kc8 50. Rd6 R7g6 51. Rd4 Rg4 0-1

[Event "FTX Road to Miami Prelims 2022"]
[Site "Online"]
[Date "2022.07.04"]
[Round "14.4"]
[White "Dominguez Perez, Leinier"]
[Black "Aronian, Levon"]
[Result "0-1"]
[ECO "C50"]
[WhiteElo "2754"]
[BlackElo "2775"]
[Annotator "ChessBase"]
[PlyCount "92"]
[EventDate "2022.07.10"]
[EventType "tourn"]
[EventCountry "NET"]
[SourceTitle "playchess.com"]
[Source "ChessBase"]
[SourceQuality "1"]
[TimeControl "40/5400+30:1800+30"]

1. e4 e5 2. Nf3 Nc6 3. Bc4 Nf6 4. d3 Bc5 5. O-O O-O 6. Re1 Ng4 7. Re2 Kh8 8. h3 f5 9. Bg5 Nf6 10. Nc3 d6 11. exf5 Bxf5 12. Na4 Bb6 13. Nxb6 axb6 14. d4 h6 15. dxe5 dxe5 16. Bh4 e4 17. Nh2 Qe7 18. Nf1 Bg6 19. Rd2 Qb4 20. Bxf6 Rxf6 21. Bb3 Ne5 22. Ne3 c6 23. Rd8+ Rf8 24. Rxa8 Rxa8 25. a3 Qc5 26. Be6 Rf8 27. Qd2 Qe7 28. Qb4 Qf6 29. Rf1 b5 30. Bg4 Kh7 31. Be2 Rd8 32. Rd1 Rf8 33. Rf1 Rd8 34. Qc3 Rf8 35. Qa5 Qg5 36. Kh1 Qh4 37. Kg1 Nf3+ 38. Kh1 Ng5 39. Kg1 Rf3 40. Qc7 Rxh3 41. gxh3 Nxh3+ 42. Kg2 Nf4+ 43. Kg1 Nxe2+ 44. Kg2 Nf4+ 45. Kg1 Qg5+ 46. Kh2 Bh5 0-1

[Event "FTX Road to Miami Prelims 2022"]
[Site "Online"]
[Date "2022.07.04"]
[Round "14.5"]
[White "Duda, Jan-Krzysztof"]
[Black "Sevian, Samuel"]
[Result "1-0"]
[ECO "E49"]
[WhiteElo "2750"]
[BlackElo "2684"]
[Annotator "ChessBase"]
[PlyCount "53"]
[EventDate "2022.07.10"]
[EventType "tourn"]
[EventCountry "NET"]
[SourceTitle "playchess.com"]
[Source "ChessBase"]
[SourceQuality "1"]
[TimeControl "40/5400+30:1800+30"]

1. d4 Nf6 2. c4 e6 3. Nc3 Bb4 4. e3 O-O 5. Bd3 d5 6. a3 Bxc3+ 7. bxc3 dxc4 8. Bxc4 c5 9. Ne2 Qc7 10. Bd3 Nc6 11. f4 Rd8 12. O-O b6 13. Ng3 a5 14. Qe2 Qa7 15. e4 Ba6 16. e5 Bxd3 17. Qxd3 Ne8 18. f5 cxd4 19. fxe6 Nxe5 20. exf7+ Nxf7 21. cxd4 Qd7 22. Nf5 Ned6 23. Nxg7 Kxg7 24. d5 Rg8 25. Qg3+ Kf8 26. Bh6+ Ke7 27. Rae1+ 1-0

[Event "FTX Road to Miami Prelims 2022"]
[Site "Online"]
[Date "2022.07.04"]
[Round "14.6"]
[White "Mamedyarov, Shakhriyar"]
[Black "Tari, Aryan"]
[Result "0-1"]
[ECO "D00"]
[WhiteElo "2759"]
[BlackElo "2672"]
[Annotator "ChessBase"]
[PlyCount "86"]
[EventDate "2022.07.10"]
[EventType "tourn"]
[EventCountry "NET"]
[SourceTitle "playchess.com"]
[Source "ChessBase"]
[SourceQuality "1"]
[TimeControl "40/5400+30:1800+30"]

1. d4 Nf6 2. Bg5 d5 3. Bxf6 gxf6 4. c4 e5 5. e3 exd4 6. exd4 Nc6 7. Nc3 dxc4 8. Nf3 Bg4 9. Be2 Qd7 10. O-O O-O-O 11. d5 Bxf3 12. Bxf3 Ne5 13. Be4 Bc5 14. Qh5 Kb8 15. Bf5 Qe7 16. Kh1 Bd4 17. Rad1 Qc5 18. Ne4 Qxd5 19. Nxf6 Qc5 20. b3 Qb6 21. Ne4 c3 22. Ng5 Qf6 23. Bc2 h6 24. Ne4 Qe6 25. h3 Nc6 26. a3 f5 27. Ng3 f4 28. Ne4 Qe5 29. Qf3 Qa5 30. Ra1 Rhf8 31. b4 Qb6 32. Qh5 Ne5 33. Bb3 f3 34. g3 Qc6 35. Nc5 Bxc5 36. Qxe5 Bd4 37. Qh5 Bb6 38. Rae1 Rd2 39. Re6 Qd7 40. Rxh6 Qd3 41. Rg1 Rxf2 42. Rf6 Rd8 43. Rf5 Qd2 0-1

[Event "FTX Road to Miami Prelims 2022"]
[Site "Online"]
[Date "2022.07.04"]
[Round "14.7"]
[White "Erigaisi Arjun"]
[Black "Xiong, Jeffery"]
[Result "1-0"]
[ECO "D02"]
[WhiteElo "2689"]
[BlackElo "2691"]
[Annotator "ChessBase"]
[PlyCount "41"]
[EventDate "2022.07.10"]
[EventType "tourn"]
[EventCountry "NET"]
[SourceTitle "playchess.com"]
[Source "ChessBase"]
[SourceQuality "1"]
[TimeControl "40/5400+30:1800+30"]

1. d4 Nf6 2. Bf4 d5 3. e3 e6 4. Nf3 c5 5. Nbd2 Qb6 6. c4 cxd4 7. exd4 dxc4 8. Nxc4 Bb4+ 9. Bd2 Bxd2+ 10. Qxd2 Qd8 11. Qb4 Qe7 12. Nd6+ Kf8 13. Ne5 Nc6 14. Qa3 Nxd4 15. O-O-O Nc6 16. Nexf7 Rg8 17. Bc4 Bd7 18. Rhe1 Ne8 19. Qh3 Nd8 20. Nxd8 Rxd8 21. Nxe8 1-0

[Event "FTX Road to Miami Prelims 2022"]
[Site "Online"]
[Date "2022.07.04"]
[Round "14.8"]
[White "Ju, Wenjun"]
[Black "Giri, Anish"]
[Result "0-1"]
[ECO "E69"]
[WhiteElo "2560"]
[BlackElo "2760"]
[Annotator "ChessBase"]
[PlyCount "78"]
[EventDate "2022.07.10"]
[EventType "tourn"]
[EventCountry "NET"]
[SourceTitle "playchess.com"]
[Source "ChessBase"]
[SourceQuality "1"]
[TimeControl "40/5400+30:1800+30"]

1. d4 Nf6 2. c4 g6 3. Nf3 Bg7 4. g3 O-O 5. Bg2 d6 6. O-O Nbd7 7. Nc3 e5 8. e4 exd4 9. Nxd4 Nc5 10. h3 Re8 11. Re1 h6 12. Rb1 a5 13. b3 c6 14. Bb2 h5 15. a3 Nh7 16. b4 axb4 17. axb4 Nd7 18. Nc2 Nb6 19. Ne3 Ng5 20. h4 Nh3+ 21. Kf1 Be6 22. Qd3 g5 23. c5 dxc5 24. Qxd8 Rexd8 25. bxc5 Rd2 26. Ncd1 Ra2 27. cxb6 Bxb2 28. Bxh3 Bxh3+ 29. Kg1 Bd4 30. hxg5 Kh7 31. Kh2 Bg4 32. Nxg4 hxg4 33. Rf1 Kg6 34. Kg2 Kxg5 35. e5 Re2 36. Rb3 c5 37. Rd3 Kf5 38. Rh1 Ke4 39. Rb3 Rxf2+ 0-1

[Event "FTX Road to Miami Prelims 2022"]
[Site "Online"]
[Date "2022.07.04"]
[Round "15.1"]
[White "Giri, Anish"]
[Black "Niemann, Hans Moke"]
[Result "1-0"]
[ECO "E97"]
[WhiteElo "2760"]
[BlackElo "2688"]
[Annotator "ChessBase"]
[PlyCount "49"]
[EventDate "2022.07.10"]
[EventType "tourn"]
[EventCountry "NET"]
[SourceTitle "playchess.com"]
[Source "ChessBase"]
[SourceQuality "1"]
[TimeControl "40/5400+30:1800+30"]

1. d4 Nf6 2. c4 g6 3. Nc3 Bg7 4. e4 d6 5. Nf3 O-O 6. Be2 e5 7. O-O h6 8. Be3 Ng4 9. Bc1 Nf6 10. Be3 Nc6 11. d5 Ne7 12. Nd2 c5 13. Rb1 h5 14. h3 Kh7 15. b4 b6 16. bxc5 bxc5 17. Qc1 Nfg8 18. Nf3 Bh6 19. Ng5+ Kg7 20. f4 f6 21. fxe5 fxg5 22. Rxf8 Kxf8 23. Bxg5 Bg7 24. Qf4+ Ke8 25. e6 1-0

[Event "FTX Road to Miami Prelims 2022"]
[Site "Online"]
[Date "2022.07.04"]
[Round "15.2"]
[White "Xiong, Jeffery"]
[Black "Ju, Wenjun"]
[Result "1/2-1/2"]
[ECO "C54"]
[WhiteElo "2691"]
[BlackElo "2560"]
[Annotator "ChessBase"]
[PlyCount "135"]
[EventDate "2022.07.10"]
[EventType "tourn"]
[EventCountry "NET"]
[SourceTitle "playchess.com"]
[Source "ChessBase"]
[SourceQuality "1"]
[TimeControl "40/5400+30:1800+30"]

1. e4 e5 2. Nf3 Nc6 3. Bc4 Bc5 4. c3 Nf6 5. d4 exd4 6. e5 d5 7. Be2 Ne4 8. cxd4 Bb6 9. O-O O-O 10. Nc3 f6 11. exf6 Nxf6 12. Na4 Bf5 13. Bf4 h6 14. Nxb6 axb6 15. Ne5 Nxe5 16. Bxe5 Nd7 17. Bg3 c6 18. a4 Qf6 19. Qd2 Rfe8 20. Rfd1 Kh8 21. Ra3 Qg6 22. Bf4 Re6 23. Bf1 Rae8 24. h3 Qf7 25. Bg3 Qe7 26. a5 bxa5 27. Qxa5 Nf6 28. Be5 Ne4 29. Qc7 Qxc7 30. Bxc7 Nd6 31. Ra7 R8e7 32. Bb8 Nc4 33. b3 Nb2 34. Rd2 Re1 35. Rxb2 Bd3 36. Be5 Rxf1+ 37. Kh2 Kh7 38. f4 g5 39. fxg5 hxg5 40. Ra8 Ref7 41. Rh8+ Kg6 42. Rg8+ Kh6 43. b4 Rb1 44. Rxb1 Bxb1 45. Kg3 Be4 46. h4 gxh4+ 47. Kxh4 Kh7 48. Rb8 Kg6 49. g4 Rh7+ 50. Kg3 Rf7 51. Rd8 Rh7 52. Rb8 Rf7 53. Rg8+ Kh7 54. Rd8 Kg6 55. Rd6+ Kg5 56. Rd8 Rf3+ 57. Kh2 Kxg4 58. Rg8+ Kh5 59. Rg7 b5 60. Bd6 Kh6 61. Rg1 Rd3 62. Bc5 Kh5 63. Bb6 Bf5 64. Rg3 Rd2+ 65. Rg2 Rd3 66. Rg3 Rd2+ 67. Rg2 Rd3 68. Rg3 1/2-1/2

[Event "FTX Road to Miami Prelims 2022"]
[Site "Online"]
[Date "2022.07.04"]
[Round "15.3"]
[White "Tari, Aryan"]
[Black "Erigaisi Arjun"]
[Result "1/2-1/2"]
[ECO "B52"]
[WhiteElo "2672"]
[BlackElo "2689"]
[Annotator "ChessBase"]
[PlyCount "100"]
[EventDate "2022.07.10"]
[EventType "tourn"]
[EventCountry "NET"]
[SourceTitle "playchess.com"]
[Source "ChessBase"]
[SourceQuality "1"]
[TimeControl "40/5400+30:1800+30"]

1. e4 c5 2. Nf3 d6 3. Bb5+ Bd7 4. Bxd7+ Qxd7 5. c4 Nf6 6. Nc3 Nc6 7. d4 cxd4 8. Nxd4 g6 9. f3 Bg7 10. Be3 O-O 11. O-O a6 12. Nb3 Rfd8 13. Qe2 Rab8 14. Rfd1 Qe8 15. Rac1 Nd7 16. Qf2 b6 17. Nd5 Nc5 18. Nd4 Ne5 19. Qe2 e6 20. Nc3 Rdc8 21. b3 h5 22. h3 Qe7 23. Kh1 Qb7 24. Bg5 Re8 25. Be3 Rbc8 26. Rc2 Qe7 27. Qd2 Bf6 28. Qe2 Bg7 29. f4 Ned7 30. Nf3 Bxc3 31. Bxc5 Nxc5 32. Rxc3 b5 33. Rc2 Qb7 34. Re1 Nd7 35. cxb5 Rxc2 36. Qxc2 axb5 37. Qd3 Qb6 38. b4 Nf6 39. Qc3 e5 40. fxe5 dxe5 41. Qd2 Qc6 42. Qe2 Kg7 43. a3 Qc3 44. Qxb5 Qxa3 45. Qc4 Re7 46. b5 Qb2 47. Re2 Qb1+ 48. Kh2 Rb7 49. Nxe5 Qxb5 50. Qxb5 Rxb5 1/2-1/2

[Event "FTX Road to Miami Prelims 2022"]
[Site "Online"]
[Date "2022.07.04"]
[Round "15.4"]
[White "Sevian, Samuel"]
[Black "Mamedyarov, Shakhriyar"]
[Result "1-0"]
[ECO "B45"]
[WhiteElo "2684"]
[BlackElo "2759"]
[Annotator "ChessBase"]
[PlyCount "73"]
[EventDate "2022.07.10"]
[EventType "tourn"]
[EventCountry "NET"]
[SourceTitle "playchess.com"]
[Source "ChessBase"]
[SourceQuality "1"]
[TimeControl "40/5400+30:1800+30"]

1. e4 c5 2. Nf3 e6 3. d4 cxd4 4. Nxd4 Nf6 5. Nc3 Nc6 6. a3 Be7 7. Be3 O-O 8. Be2 Qc7 9. f4 d6 10. g4 Nxd4 11. Qxd4 e5 12. Qd2 Nxg4 13. Bxg4 Bxg4 14. f5 Bh4+ 15. Bf2 Bxf2+ 16. Qxf2 d5 17. Rg1 Bh5 18. Nxd5 Qc4 19. Nf6+ Kh8 20. Nxh5 Qxe4+ 21. Kf1 Rad8 22. Rxg7 Rd6 23. Re1 Qc4+ 24. Qe2 Qxe2+ 25. Rxe2 Rh6 26. Rg5 f6 27. Nxf6 Rhxf6 28. Rxe5 h6 29. Rh5 Kg7 30. Ke2 Rb6 31. b3 Rc8 32. Kd1 Rd6+ 33. Kc1 Rdc6 34. Re2 R8c7 35. a4 Rc3 36. Kb2 Rf3 37. Rg2+ 1-0

[Event "FTX Road to Miami Prelims 2022"]
[Site "Online"]
[Date "2022.07.04"]
[Round "15.5"]
[White "Aronian, Levon"]
[Black "Duda, Jan-Krzysztof"]
[Result "1/2-1/2"]
[ECO "E15"]
[WhiteElo "2775"]
[BlackElo "2750"]
[Annotator "ChessBase"]
[PlyCount "69"]
[EventDate "2022.07.10"]
[EventType "tourn"]
[EventCountry "NET"]
[SourceTitle "playchess.com"]
[Source "ChessBase"]
[SourceQuality "1"]
[TimeControl "40/5400+30:1800+30"]

1. d4 Nf6 2. c4 e6 3. Nf3 b6 4. g3 Bb4+ 5. Bd2 Bxd2+ 6. Qxd2 c6 7. Bg2 d5 8. O-O O-O 9. Rc1 Bb7 10. Ne5 Nbd7 11. cxd5 cxd5 12. Nc6 Bxc6 13. Rxc6 Rc8 14. Rxc8 Qxc8 15. Nc3 Qc6 16. e3 Rc8 17. Rc1 Ne4 18. Qd1 Nxc3 19. Rxc3 Qb7 20. Rxc8+ Qxc8 21. Bf1 a5 22. Bd3 g6 23. Qc2 Qxc2 24. Bxc2 Nf6 25. Kf1 Ne8 26. Bd3 Nd6 27. Ke2 Kg7 28. f3 f5 29. f4 Kf6 30. a4 h6 31. b3 Nf7 32. Bb5 Nd6 33. Bd3 Nf7 34. Bb5 Nd6 35. Bd3 1/2-1/2

[Event "FTX Road to Miami Prelims 2022"]
[Site "Online"]
[Date "2022.07.04"]
[Round "15.7"]
[White "Rapport, Richard"]
[Black "Wei, Yi"]
[Result "1-0"]
[ECO "B51"]
[WhiteElo "2764"]
[BlackElo "2727"]
[Annotator "ChessBase"]
[PlyCount "147"]
[EventDate "2022.07.10"]
[EventType "tourn"]
[EventCountry "NET"]
[SourceTitle "playchess.com"]
[Source "ChessBase"]
[SourceQuality "1"]
[TimeControl "40/5400+30:1800+30"]

1. e4 c5 2. Nf3 d6 3. Bb5+ Nd7 4. d4 cxd4 5. Qxd4 a6 6. Bxd7+ Bxd7 7. c4 Nf6 8. Bg5 e6 9. Nc3 Bc6 10. O-O Be7 11. a4 O-O 12. Rfe1 h6 13. Bh4 Qa5 14. Nd5 Bxd5 15. cxd5 exd5 16. exd5 Rae8 17. b4 Qd8 18. Rac1 Qd7 19. a5 Bd8 20. h3 Rxe1+ 21. Rxe1 Re8 22. Rxe8+ Nxe8 23. Bxd8 Qxd8 24. Nd2 Nf6 25. Nc4 Qe7 26. Ne3 g6 27. Qc4 Kg7 28. b5 axb5 29. Qxb5 Ne4 30. Qb4 Nc5 31. Nc4 Qf6 32. Qd2 Nb3 33. Qb4 Nc5 34. Qd2 Nb3 35. Qe1 Kh7 36. h4 h5 37. g3 Nc5 38. Qe3 Kg7 39. Kg2 Kf8 40. Qf3 Qxf3+ 41. Kxf3 Ke7 42. Ke3 f6 43. Nd2 g5 44. Ne4 gxh4 45. gxh4 Nb3 46. Kd3 Nxa5 47. Kc3 b6 48. Ng3 Nb7 49. Nxh5 f5 50. Kc4 Nc5 51. Kb5 Ne4 52. Ng3 Nxf2 53. Nxf5+ Kd7 54. h5 Ng4 55. h6 Nf6 56. Ne3 Kc7 57. Ng4 Nh7 58. Ka6 Ng5 59. Nf6 Nf7 60. h7 Nh8 61. Ne4 Ng6 62. Ng5 Nh8 63. Kb5 Kd7 64. Kxb6 Ke7 65. Kc7 Ng6 66. Ne6 Nh8 67. Nd8 Ng6 68. Ne6 Nh8 69. Nf4 Kf6 70. Kxd6 Nf7+ 71. Kd7 Ne5+ 72. Ke8 Kg7 73. d6 Kxh7 74. Nd3 1-0

[Event "FTX Road to Miami Prelims 2022"]
[Site "Online"]
[Date "2022.07.04"]
[Round "15.8"]
[White "Wojtaszek, Radoslaw"]
[Black "Shankland, Sam"]
[Result "1-0"]
[ECO "A11"]
[WhiteElo "2708"]
[BlackElo "2720"]
[Annotator "ChessBase"]
[PlyCount "55"]
[EventDate "2022.07.10"]
[EventType "tourn"]
[EventCountry "NET"]
[SourceTitle "playchess.com"]
[Source "ChessBase"]
[SourceQuality "1"]
[TimeControl "40/5400+30:1800+30"]

1. c4 c6 2. Nf3 d5 3. e3 Nf6 4. Qc2 e6 5. b3 Bd6 6. Bb2 O-O 7. d4 Nbd7 8. Nbd2 b6 9. Bd3 Bb7 10. O-O Rc8 11. e4 dxe4 12. Nxe4 Nxe4 13. Bxe4 f5 14. Bd3 c5 15. d5 g6 16. Rfe1 exd5 17. cxd5 Be7 18. d6 Bf6 19. Bc4+ Kh8 20. Ng5 Be4 21. Nxe4 fxe4 22. Rxe4 Nb8 23. Rd1 Nc6 24. d7 Rb8 25. Re8 Nd4 26. Rxd8 Rbxd8 27. Bxd4 Bxd4 28. Bb5 1-0